 Dungeon Crawl Stone Soup version 0.17-a0-1446-gc28613e (webtiles) character file.

272 Snupthedog the Firebug (level 6, -4/33 HPs)
             Began as a Tengu Fire Elementalist on June 28, 2015.
             Was an Initiate of Vehumet.
             Slain by an orc priest
             ... wielding a +0 hand axe
              (6 damage)
             ... on level 2 of the Dungeon.
             The game lasted 00:11:13 (3425 turns).

Snupthedog the Firebug (Tengu Fire Elementalist)    Turns: 3425, Time: 00:11:13

Health: -4/33      AC:  2    Str: 10    XL:     6   Next: 23%
Magic:  3/11       EV: 13    Int: 16    God:    Vehumet [......]
Gold:   118        SH:  0    Dex: 16    Spells: 3 memorised, 4 levels left

rFire  + . .     SeeInvis .     i - +1 dagger
rCold  + . .     Clarity  .     a - +0 robe
rNeg   . . .     SustAt   .     (no shield)
rPois  +         Gourm    .     (helmet restricted)
rElec  +         Spirit   .     (no cloak)
rCorr  +         Warding  .     (no gloves)
rMut   .         Stasis   .     (boots unavailable)
MR     .....                    (no amulet)
Stlth  +++.......               (no ring)
                                h - +2 ring of dexterity

@: resistant, not resistant to hostile enchantments, fairly stealthy
A: beak, talons 3, able to fly 1
a: Fly, Renounce Religion


You were on level 2 of the Dungeon.
You worshipped Vehumet.
Vehumet was noncommittal.
You were not hungry.

You visited 1 branch of the dungeon, and saw 4 of its levels.

You collected 118 gold pieces.

Inventory:

Hand weapons
 i - a +1 dagger (weapon)
Armour
 a - a +0 robe (worn)
Jewellery
 h - a +2 ring of dexterity (left hand)
Scrolls
 d - 2 scrolls of identify {unknown}
 g - a scroll of recharging
 j - 4 scrolls of noise
 m - a scroll of teleportation
 n - 2 scrolls of remove curse
 o - a scroll of magic mapping {unknown}
Potions
 k - a potion of agility {unknown}
 l - a potion of invisibility {unknown}
Books
 b - a book of Flames

   Spells                             Type                      Level
   a - Flame Tongue                   Conjuration/Fire             1
   b - Throw Flame                    Conjuration/Fire             2
   c - Conjure Flame                  Conjuration/Fire             3
   d - Inner Flame                    Hexes/Fire                   3
   e - Sticky Flame                   Conjuration/Fire             4
   f - Fireball                       Conjuration/Fire             5
Comestibles
 c - 2 bread rations


   Skills:
 + Level 0.4 Fighting
 + Level 2.9 Dodging
 + Level 3.5 Stealth
 + Level 2.8 Spellcasting
 * Level 4.5 Conjurations
 + Level 4.5 Fire Magic


You had 4 spell levels left.
You knew the following spells:

 Your Spells              Type           Power        Failure   Level  Hunger
a - Flame Tongue          Conj/Fire      ###..        3%          1    #......
b - Throw Flame           Conj/Fire      ###...       6%          2    ##.....
c - Conjure Flame         Conj/Fire      ###.....     12%         3    ###....


Dungeon Overview and Level Annotations

Branches:
Dungeon (4/15)
 Temple: D:4-7

Altars:
Ashenzari
Cheibriados
Fedhas
Kikubaaqudgha
Makhleb
Vehumet
The Shining One


Innate Abilities, Weirdness & Mutations

You have a beak for a mouth.
You have claws for feet.
You can fly.


Message History

Unknown command.
Drink which item? (? for menu, Esc to quit)
Okay, then.
Read which item? (? for menu, Esc to quit)
Okay, then.
Unknown command.
Casting: Throw Flame
Confirm with . or Enter, or press ? or * to list all spells.
Aiming: Flame Tongue
Press: ? - help, Shift-Dir - straight line, f/p - orc priest
Aim: an orc priest, wielding a hand axe and wearing a chain mail (heavily wounded)
The flame tongue hits the orc priest.
The orc priest appears unharmed.
The orc priest is heavily wounded.
Read which item? (? for menu, Esc to quit)
Okay, then.
Drink which item? (? for menu, Esc to quit)
It was a potion of resistance.
You feel protected.
The orc priest hits you with a hand axe.
You die...

#.............# #########
#.###########.###..<....## #.#
#............####...# #.#
#.######.........>... ########.#
#.# ##########...# #......#.# #.#
##########.## #........# #.#
#............ #.....##.#
#.#######.########.##
.........####.#.@............#.##
..............#o#####(######.#.##
...##########<#.# #.# #.....##
.###..#######.#)# #.# #.#.#.##
##............>.# #.# #.#.#.##
.......######..## #.# #.#.#.##
##.)..## #..# #.# #.#.#.##
.###..# #.†# #.####.#.#.##
...#### #..######............


You could see an orc priest.

Vanquished Creatures
  Sigmund (D:2)
  3 gnolls (D:2)
  An adder (D:2)
  A worm (D:2)
  3 giant geckos
  5 orcs
  A ball python (D:2)
  3 bats
  A giant cockroach (D:1)
  9 hobgoblins
  11 jackals
  2 giant newts (D:2)
  4 goblins
  7 kobolds
  A quokka (D:2)
  8 rats
61 creatures vanquished.

Notes
Turn   | Place    | Note
--------------------------------------------------------------
     0 | D:1      | Snupthedog the Tengu Fire Elementalist began the quest for the Orb.
     0 | D:1      | Reached XP level 1. HP: 10/10 MP: 4/4
    77 | D:1      | Reached XP level 2. HP: 3/15 MP: 0/6
   704 | D:1      | Learned a level 2 spell: Throw Flame
   897 | D:1      | Reached XP level 3. HP: 15/19 MP: 2/7
  1687 | D:2      | Found a snail-covered altar of Cheibriados.
  1687 | D:2      | Found an ancient bone altar of Kikubaaqudgha.
  1687 | D:2      | Found a burning altar of Makhleb.
  1687 | D:2      | Found a blossoming altar of Fedhas.
  1687 | D:2      | Found a radiant altar of Vehumet.
  1694 | D:2      | Became a worshipper of Vehumet
  1918 | D:3      | Learned a level 3 spell: Conjure Flame
  2124 | D:4      | Noticed an ogre
  2351 | D:2      | Reached XP level 4. HP: 22/24 MP: 1/8
  2434 | D:2      | Found a glowing golden altar of the Shining One.
  2520 | D:2      | Noticed Sigmund
  2612 | D:2      | Reached skill level 4 in Fire Magic
  2617 | D:2      | Found a shattered altar of Ashenzari.
  2783 | D:2      | Killed Sigmund
  2783 | D:2      | Gained mutation: You can fly. [Tengu growth]
  2783 | D:2      | Reached XP level 5. HP: 28/28 MP: 0/10
  2783 | D:2      | Reached XP level 6. HP: 33/33 MP: 0/11
  3425 | D:2      | Slain by an orc priest

Vault maps used:
D:1:      onia_arrival_mini_maze
D:2:      nicolae_ashenzari_panopticon, lemuel_coloured_pillars_altar,
          nicolae_overflow_hidden_temple, first_bread, uniq_sigmund
D:3:      nicolae_overflow_crystal_walls, ecumenical_altar_2,
          uniq_crazy_yiuf_cottage
D:4:      nicolae_qazlal_eye_of_the_storm

Action                   |  1- 3 |  4- 6 || total
-------------------------+-------+-------++-------
Melee: Unarmed           |    15 |       ||    15
       Dagger            |    23 |    23 ||    46
 Cast: Flame Tongue      |    59 |    30 ||    89
       Throw Flame       |     5 |     7 ||    12
       Conjure Flame     |     3 |     1 ||     4
  Use: Scroll            |     3 |     4 ||     7
       Potion            |       |     2 ||     2
 Stab: Sleeping          |     2 |     2 ||     4
  Eat: Fruit             |     1 |     3 ||     4
       Chunk             |     1 |     1 ||     2
       Meat ration       |     1 |       ||     1
